[ AOE2 MATCH · #495285709 ]
UnrankedByzantines vs Magyars
Player's team · LOSS
Rival team · WIN
[ REPLAY ANALYSIS · EXTRACTED FROM THE RECORDED GAME ]
Feudal
9:19
Castle
23:36
Imperial
—
| APM avg | 60.0 |
| APM peak | 95 |
| eAPM avg | 29.2 |
| Villagers / military | 127 / 99 |
Focus
⚔️ 40.7% · 🌾 59.3%
Camel Scout ×50 · Archer ×20 · Skirmisher ×11 · Spearman ×7 · Monk ×4 · Militia ×3
Feudal
9:22
Castle
26:02
Imperial
—
| APM avg | 74.9 |
| APM peak | 114 |
| eAPM avg | 36.5 |
| Villagers / military | 75 / 101 |
Focus
⚔️ 37.6% · 🌾 62.4%
Knight ×58 · Skirmisher ×13 · Battering Ram ×10 · Scout Cavalry ×10 · Monk ×6 · Militia ×4
Match map
Initial resources + every placement click. Lines = walls · curves = elevation contours. ◆ gold · ⬟ stone · ● berries · ✦ relic · ◌ wall gap
Your base· ✓ Closed at 23:36 · 47t walls · no gate
奉天讨贼 Latin America lagge's base· Open — opponent sealed themselves in
Smoothed initial terrain · ◌ = detected wall gap · hover for details
Inputs per minute
— OnlyOuOb - - 奉天讨贼 Latin America lagge
Build order — OnlyOuOb
First 150 of 375 actions detected
| 0:04 | Queue | Villager (Male) |
| 0:05 | Build | House |
| 0:06 | Build | House |
| 0:10 | Queue | Villager (Male) |
| 0:13 | Queue | Villager (Male) |
| 0:15 | Queue | Villager (Male) |
| 0:15 | Queue | Villager (Male) |
| 1:22 | Queue | Villager (Male) |
| 1:47 | Queue | Villager (Male) |
| 2:24 | Queue | Villager (Male) |
| 2:25 | Queue | Villager (Male) |
| 2:33 | Build | Lumber Camp |
| 2:51 | Queue | Villager (Male) |
| 3:11 | Queue | Villager (Male) |
| 3:15 | Queue | Villager (Male) |
| 3:15 | Queue | Villager (Male) |
| 3:32 | Queue | Villager (Male) |
| 3:52 | Build | House |
| 3:53 | Build | House |
| 4:26 | Queue | Villager (Male) |
| 4:26 | Queue | Villager (Male) |
| 4:37 | Queue | Villager (Male) |
| 4:39 | Queue | Villager (Male) |
| 5:39 | Build | Barracks |
| 5:58 | Queue | Villager (Male) |
| 5:58 | Research | Loom |
| 6:24 | Build | House |
| 7:02 | Research | Feudal Age |
| 7:40 | Build | Mining Camp |
| 7:46 | Queue | Militia |
| 7:47 | Queue | Militia |
| 8:25 | Queue | Militia |
| 8:57 | Build | Mill |
| 9:19 | Age | Feudal Age |
| 9:20 | Queue | Spearman |
| 9:32 | Build | Palisade Wall |
| 9:33 | Build | Palisade Wall |
| 9:36 | Build | Palisade Wall |
| 9:38 | Build | Palisade Wall |
| 9:39 | Build | Palisade Wall |
| 9:58 | Queue | Villager (Male) |
| 10:02 | Queue | Villager (Male) |
| 10:06 | Research | Man-at-Arms (upgrade) |
| 10:12 | Queue | Villager (Male) |
| 10:16 | Build | Archery Range |
| 10:40 | Build | Farm |
| 10:42 | Build | Farm |
| 10:44 | Queue | Villager (Male) |
| 10:57 | Queue | Villager (Male) |
| 11:12 | Build | Palisade Wall |
| 11:26 | Build | Palisade Wall |
| 11:29 | Build | Palisade Wall |
| 11:33 | Queue | Villager (Male) |
| 11:42 | Build | House |
| 11:48 | Build | Farm |
| 11:49 | Build | Farm |
| 11:58 | Build | Farm |
| 12:00 | Queue | Spearman |
| 12:18 | Queue | Villager (Male) |
| 12:21 | Queue | Archer |
| 12:23 | Queue | Spearman |
| 13:09 | Queue | Archer |
| 13:16 | Build | Farm |
| 13:17 | Queue | Villager (Male) |
| 13:17 | Queue | Villager (Male) |
| 13:20 | Build | Palisade Wall |
| 13:21 | Build | Palisade Wall |
| 13:21 | Build | Palisade Wall |
| 13:22 | Build | Palisade Wall |
| 13:26 | Build | Palisade Wall |
| 13:31 | Research | Double-Bit Axe |
| 13:32 | Queue | Archer |
| 13:33 | Queue | Villager (Male) |
| 13:49 | Queue | Villager (Male) |
| 13:56 | Build | Blacksmith |
| 13:59 | Build | Farm |
| 14:05 | Queue | Archer |
| 14:05 | Queue | Archer |
| 14:07 | Queue | Villager (Male) |
| 14:13 | Queue | Spearman |
| 14:22 | Build | House |
| 14:27 | Build | Palisade Wall |
| 14:30 | Queue | Villager (Male) |
| 14:37 | Build | Farm |
| 14:41 | Build | House |
| 14:41 | Build | House |
| 14:42 | Queue | Villager (Male) |
| 14:49 | Queue | Villager (Male) |
| 14:55 | Build | House |
| 14:56 | Queue | Spearman |
| 15:02 | Research | Fletching |
| 15:04 | Queue | Villager (Male) |
| 15:05 | Build | Farm |
| 15:22 | Queue | Spearman |
| 15:24 | Queue | Archer |
| 15:24 | Queue | Archer |
| 15:44 | Queue | Villager (Male) |
| 15:47 | Build | House |
| 15:53 | Queue | Villager (Male) |
| 16:00 | Build | Farm |
| 16:05 | Queue | Villager (Male) |
| 16:06 | Queue | Archer |
| 16:06 | Queue | Archer |
| 16:13 | Queue | Villager (Male) |
| 16:32 | Queue | Spearman |
| 16:35 | Queue | Villager (Male) |
| 16:36 | Queue | Villager (Male) |
| 16:39 | Build | Palisade Wall |
| 16:39 | Build | House |
| 16:44 | Build | Farm |
| 16:54 | Queue | Archer |
| 16:55 | Queue | Villager (Male) |
| 17:18 | Queue | Villager (Male) |
| 17:19 | Queue | Archer |
| 17:19 | Queue | Archer |
| 17:30 | Queue | Villager (Male) |
| 17:31 | Build | Farm |
| 17:54 | Queue | Villager (Male) |
| 17:58 | Build | Lumber Camp |
| 17:59 | Queue | Villager (Male) |
| 18:00 | Build | House |
| 18:04 | Build | Palisade Wall |
| 18:05 | Build | Palisade Wall |
| 18:20 | Queue | Villager (Male) |
| 18:24 | Build | Palisade Wall |
| 18:25 | Build | Palisade Wall |
| 18:31 | Queue | Villager (Male) |
| 18:39 | Research | Horse Collar |
| 18:49 | Queue | Villager (Male) |
| 18:51 | Build | Farm |
| 18:57 | Queue | Archer |
| 18:59 | Queue | Archer |
| 19:14 | Build | House |
| 19:24 | Build | Farm |
| 19:26 | Queue | Villager (Male) |
| 19:59 | Queue | Villager (Male) |
| 20:00 | Build | Farm |
| 20:13 | Build | Farm |
| 20:31 | Queue | Villager (Male) |
| 20:50 | Build | Palisade Wall |
| 20:54 | Research | Castle Age |
| 20:58 | Build | Farm |
| 21:16 | Build | Farm |
| 21:19 | Build | Stable |
| 21:20 | Queue | Archer |
| 21:20 | Queue | Archer |
| 22:08 | Queue | Villager (Male) |
| 22:10 | Queue | Villager (Male) |
| 22:42 | Research | Horse Collar |
| 22:44 | Research | Gold Mining |
Build order — 奉天讨贼 Latin America lagge
First 150 of 290 actions detected
| 0:00 | Queue | Villager (Male) |
| 0:01 | Build | House |
| 0:03 | Build | House |
| 0:04 | Queue | Villager (Male) |
| 0:11 | Queue | Villager (Male) |
| 0:56 | Queue | Villager (Male) |
| 1:19 | Queue | Villager (Male) |
| 1:20 | Queue | Villager (Male) |
| 1:40 | Queue | Villager (Male) |
| 1:45 | Build | Lumber Camp |
| 2:23 | Queue | Villager (Male) |
| 2:34 | Queue | Villager (Male) |
| 3:08 | Build | House |
| 3:09 | Build | House |
| 3:22 | Queue | Villager (Male) |
| 3:37 | Queue | Villager (Male) |
| 3:37 | Queue | Villager (Male) |
| 4:03 | Queue | Villager (Male) |
| 4:34 | Queue | Villager (Male) |
| 4:34 | Queue | Villager (Male) |
| 5:16 | Queue | Villager (Male) |
| 5:16 | Queue | Villager (Male) |
| 5:23 | Queue | Villager (Male) |
| 5:24 | Queue | Villager (Male) |
| 5:24 | Queue | Villager (Male) |
| 6:28 | Build | Barracks |
| 6:47 | Queue | Villager (Male) |
| 7:07 | Research | Feudal Age |
| 7:27 | Queue | Militia |
| 7:49 | Queue | Militia |
| 7:49 | Queue | Militia |
| 8:14 | Build | Mill |
| 8:29 | Queue | Militia |
| 8:49 | Queue | Villager (Male) |
| 8:51 | Build | House |
| 9:22 | Age | Feudal Age |
| 9:24 | Research | Man-at-Arms (upgrade) |
| 9:30 | Queue | Villager (Male) |
| 9:46 | Queue | Villager (Male) |
| 9:46 | Queue | Villager (Male) |
| 10:09 | Queue | Villager (Male) |
| 10:14 | Build | Stable |
| 10:48 | Queue | Villager (Male) |
| 10:57 | Queue | Scout Cavalry |
| 11:01 | Build | Farm |
| 11:02 | Build | Farm |
| 11:03 | Build | Farm |
| 11:13 | Queue | Scout Cavalry |
| 11:34 | Queue | Villager (Male) |
| 11:38 | Build | Farm |
| 11:40 | Build | Farm |
| 11:45 | Research | Loom |
| 11:52 | Queue | Scout Cavalry |
| 11:58 | Build | Palisade Wall |
| 11:59 | Build | Palisade Wall |
| 12:06 | Queue | Villager (Male) |
| 12:06 | Queue | Villager (Male) |
| 12:18 | Build | Farm |
| 12:26 | Queue | Scout Cavalry |
| 12:54 | Build | House |
| 12:56 | Queue | Scout Cavalry |
| 12:56 | Queue | Villager (Male) |
| 12:57 | Queue | Villager (Male) |
| 13:09 | Queue | Scout Cavalry |
| 13:23 | Research | Double-Bit Axe |
| 13:24 | Queue | Villager (Male) |
| 13:39 | Queue | Villager (Male) |
| 13:50 | Queue | Scout Cavalry |
| 14:01 | Build | Lumber Camp |
| 14:08 | Queue | Villager (Male) |
| 14:35 | Queue | Scout Cavalry |
| 14:44 | Queue | Scout Cavalry |
| 14:53 | Queue | Villager (Male) |
| 15:00 | Build | Farm |
| 15:01 | Build | Farm |
| 15:02 | Queue | Villager (Male) |
| 15:05 | Build | Mining Camp |
| 15:08 | Build | Mining Camp |
| 15:20 | Research | Town Watch |
| 15:25 | Build | Archery Range |
| 15:29 | Build | House |
| 15:29 | Build | House |
| 15:30 | Build | House |
| 15:32 | Queue | Scout Cavalry |
| 15:51 | Queue | Villager (Male) |
| 15:57 | Build | Blacksmith |
| 16:00 | Build | Farm |
| 16:01 | Build | Farm |
| 16:18 | Queue | Villager (Male) |
| 16:31 | Build | Farm |
| 16:32 | Queue | Skirmisher |
| 16:32 | Queue | Villager (Male) |
| 16:45 | Build | Watch Tower |
| 16:51 | Queue | Villager (Male) |
| 16:54 | Queue | Skirmisher |
| 16:55 | Build | Farm |
| 16:55 | Build | Farm |
| 17:06 | Build | House |
| 17:19 | Queue | Skirmisher |
| 17:20 | Queue | Villager (Male) |
| 17:51 | Queue | Skirmisher |
| 17:51 | Queue | Villager (Male) |
| 17:59 | Build | Farm |
| 18:10 | Build | Farm |
| 18:11 | Research | Fletching |
| 18:18 | Queue | Villager (Male) |
| 18:20 | Queue | Skirmisher |
| 18:28 | Build | Farm |
| 18:45 | Build | Farm |
| 18:51 | Queue | Skirmisher |
| 18:51 | Queue | Villager (Male) |
| 19:00 | Build | House |
| 19:05 | Research | Wheelbarrow |
| 19:05 | Research | Wheelbarrow |
| 19:21 | Build | House |
| 19:22 | Build | House |
| 19:32 | Queue | Skirmisher |
| 19:32 | Queue | Skirmisher |
| 19:34 | Build | Palisade Gate |
| 19:52 | Queue | Villager (Male) |
| 19:57 | Queue | Skirmisher |
| 19:58 | Queue | Villager (Male) |
| 20:13 | Queue | Skirmisher |
| 20:14 | Queue | Skirmisher |
| 20:47 | Build | Farm |
| 20:48 | Build | Farm |
| 20:51 | Queue | Skirmisher |
| 20:53 | Build | House |
| 20:58 | Queue | Skirmisher |
| 21:03 | Queue | Villager (Male) |
| 21:08 | Build | House |
| 21:12 | Build | Farm |
| 21:14 | Queue | Villager (Male) |
| 21:14 | Queue | Villager (Male) |
| 22:06 | Build | Market |
| 22:10 | Build | Farm |
| 22:13 | Queue | Villager (Male) |
| 22:47 | Build | Farm |
| 22:49 | Build | Farm |
| 23:22 | Research | Castle Age |
| 23:50 | Research | Scale Barding Armor |
| 24:15 | Research | Gold Mining |
| 24:25 | Build | Stable |
| 24:27 | Build | Stable |
| 24:34 | Build | Palisade Wall |
| 24:36 | Build | Stable |
| 24:39 | Research | Bloodlines |
| 25:06 | Build | House |
| 25:16 | Build | Palisade Gate |
| 25:19 | Build | Farm |
Match timeline
| 5:39 | OnlyOuOb · first_building Barracks |
| 6:28 | 奉天讨贼 Latin America lagge · first_building Barracks |
| 9:19 | OnlyOuOb · age_up feudal |
| 9:22 | 奉天讨贼 Latin America lagge · age_up feudal |
| 9:32 | OnlyOuOb · wall_segment Palisade Wall x1 |
| 9:33 | OnlyOuOb · wall_segment Palisade Wall x1 |
| 9:36 | OnlyOuOb · wall_segment Palisade Wall x1 |
| 9:38 | OnlyOuOb · wall_segment Palisade Wall x1 |
| 9:39 | OnlyOuOb · wall_segment Palisade Wall x1 |
| 10:14 | 奉天讨贼 Latin America lagge · first_building Stable |
| 10:16 | OnlyOuOb · first_building Archery Range |
| 11:12 | OnlyOuOb · wall_segment Palisade Wall x1 |
| 11:26 | OnlyOuOb · wall_segment Palisade Wall x1 |
| 11:29 | OnlyOuOb · wall_segment Palisade Wall x1 |
| 11:58 | 奉天讨贼 Latin America lagge · wall_segment Palisade Wall x1 |
| 11:59 | 奉天讨贼 Latin America lagge · wall_segment Palisade Wall x1 |
| 13:20 | OnlyOuOb · wall_segment Palisade Wall x1 |
| 13:21 | OnlyOuOb · wall_segment Palisade Wall x1 |
| 13:21 | OnlyOuOb · wall_segment Palisade Wall x1 |
| 13:22 | OnlyOuOb · wall_segment Palisade Wall x1 |
| 13:26 | OnlyOuOb · wall_segment Palisade Wall x3 |
| 14:27 | OnlyOuOb · wall_segment Palisade Wall x1 |
| 15:25 | 奉天讨贼 Latin America lagge · first_building Archery Range |
| 16:39 | OnlyOuOb · wall_segment Palisade Wall x1 |
| 18:04 | OnlyOuOb · wall_segment Palisade Wall x4 |
| 18:05 | OnlyOuOb · wall_segment Palisade Wall x1 |
| 18:24 | OnlyOuOb · wall_segment Palisade Wall x15 |
| 18:25 | OnlyOuOb · wall_segment Palisade Wall x10 |
| 20:50 | OnlyOuOb · wall_segment Palisade Wall x1 |
| 21:19 | OnlyOuOb · first_building Stable |
| 22:51 | 奉天讨贼 Latin America lagge · first_market_sell 100 wood |
| 22:52 | 奉天讨贼 Latin America lagge · first_market_buy 100 food |
| 23:36 | OnlyOuOb · age_up castle |
| 24:34 | 奉天讨贼 Latin America lagge · wall_segment Palisade Wall x7 |
| 26:02 | 奉天讨贼 Latin America lagge · age_up castle |
| 26:44 | 奉天讨贼 Latin America lagge · first_building Siege Workshop |
| 26:52 | 奉天讨贼 Latin America lagge · wall_segment Palisade Wall x1 |
| 27:41 | 奉天讨贼 Latin America lagge · wall_segment Palisade Wall x1 |
| 27:42 | 奉天讨贼 Latin America lagge · wall_segment Palisade Wall x1 |
| 28:09 | OnlyOuOb · wall_segment Palisade Wall x1 |
| 28:59 | OnlyOuOb · first_building Monastery |
| 29:09 | 奉天讨贼 Latin America lagge · first_building Monastery |
| 31:45 | 奉天讨贼 Latin America lagge · wall_segment Palisade Wall x2 |
| 34:22 | OnlyOuOb · wall_segment Stone Wall x1 |
| 34:23 | OnlyOuOb · wall_segment Stone Wall x1 |
| 34:28 | OnlyOuOb · wall_segment Stone Wall x1 |
| 35:16 | OnlyOuOb · wall_segment Stone Wall x1 |
| 35:18 | OnlyOuOb · wall_segment Stone Wall x1 |
| 36:22 | OnlyOuOb · first_building Castle |
| 36:50 | OnlyOuOb · first_market_sell 100 food |
| 38:37 | OnlyOuOb · resign |
[ AI ANALYSIS · 1 CREDIT ]
What really happened in this match?
Wolo.gg analyzes every decision: build order, eco, micro, common mistakes by bracket. Personalized analysis on WhatsApp or Discord in 30 seconds.
Civ guide
Byzantines
Perfil
Jugador #885642